 Dungeon Crawl Stone Soup version 0.18-a0-1267-gff090c1 (webtiles) character file.

19210 Herrn the Cleaver (level 12, -7/102 HPs)
             Began as a Naga Fire Elementalist on Feb 7, 2016.
             Was an Elder of Okawaru.
             Mangled by a vampire mosquito (9 damage)
             ... on level 12 of the Dungeon.
             The game lasted 01:10:23 (20201 turns).

Herrn the Cleaver (Naga Fire Elementalist)         Turns: 20201, Time: 01:10:23

Health: -7/102     AC: 14    Str: 11    XL:     12   Next: 66%
Magic:  10/19      EV: 12    Int: 19    God:    Okawaru [****..]
Gold:   792        SH:  0    Dex: 11    Spells: 3 memorised, 12 levels left

rFire  . . .     SeeInvis +     F - +1 battleaxe "Busez" {flame, rC+}
rCold  + . .     Gourm    .     N - +4 ring mail
rNeg   + . .     Faith    .     (shield currently unavailable)
rPois  +         Spirit   .     (no helmet)
rElec  .         Dismiss  .     (no cloak)
rCorr  .         Reflect  .     a - +0 pair of gloves
SustAt .         Harm     .     (no barding)
MR     ++++.     Clarity  +     w - amulet of the Four Winds {rN+ MR+++ Clar}
Stlth  +++.......               (no ring)
                                (no ring)

@: lethally poisoned (-7 -> -7), heroism, very slightly contaminated, very slow,
incredibly resistant to hostile enchantments, fairly stealthy
A: see invisible, deformed body, frail 1, poison resistance, shaggy fur 1,
slowness 2, slow metabolism 1, spit poison 2, weak 1, AC +4
a: Spit Poison, Heroism, Renounce Religion


You were on level 12 of the Dungeon.
You worshipped Okawaru.
Okawaru was greatly pleased with you.
You were not hungry.

You visited 3 branches of the dungeon, and saw 15 of its levels.

You collected 1421 gold pieces.
You spent 629 gold pieces at shops.

Inventory:

Hand Weapons
 f - a +1 spear of flaming
 B - a +3 broad axe of chopping
 F - the +1 battleaxe "Busez" (weapon) {flame, rC+}
   (You bought it in a shop on level 5 of the Dungeon)

   It has been specially enchanted to burn those struck by it, causing extra
   injury to most foes and up to half again as much damage against particularly
   susceptible opponents.
   Big, fiery blades are also staple armaments of hydra-hunters.
   It protects you from cold.
Armour
 a - a +0 pair of gloves (worn)
 e - a +1 chain mail of magic resistance
 v - a +2 robe of resistance
 y - a +0 shield
 A - a steam dragon hide
 N - a +4 ring mail (worn)
Jewellery
 w - the amulet of the Four Winds (around neck) {rN+ MR+++ Clar}
   (You bought it in a shop on level 10 of the Dungeon)

   [amulet of nothing]

   It protects you from negative energy.
   It affects your resistance to hostile enchantments.
   It protects you against confusion.
Wands
 m - a wand of polymorph (23/24)
 o - a wand of iceblast (6/15)
 t - a wand of iceblast (0/15)
 C - a wand of iceblast (3/15)
 D - a wand of paralysis (16/24)
 K - a wand of enslavement (12/24)
 L - a wand of acid (4/15)
Scrolls
 h - 4 scrolls of fear
 i - 3 scrolls of amnesia
 j - 6 scrolls of teleportation
 n - 7 scrolls of remove curse
 p - a scroll of magic mapping
 u - 2 scrolls of enchant armour
 E - a scroll of brand weapon
 I - a scroll of summoning
 M - a scroll of recharging
Potions
 g - 2 potions of haste
 r - a potion of cancellation
 z - a potion of heal wounds
 H - a potion of brilliance
 O - 2 potions of flight
Books
 b - a book of Flames

   Spells                             Type                      Level
   a - Flame Tongue                   Conjuration/Fire             1
   b - Throw Flame                    Conjuration/Fire             2
   c - Conjure Flame                  Conjuration/Fire             3
   d - Inner Flame                    Hexes/Fire                   3
   e - Sticky Flame                   Conjuration/Fire             4
   f - Fireball                       Conjuration/Fire             5
 k - a book of Conjurations

   Spells                             Type                      Level
   a - Magic Dart                     Conjuration                  1
   b - Searing Ray                    Conjuration                  2
   c - Dazzling Spray                 Conjuration/Hexes            3
   d - Fulminant Prism                Conjuration/Hexes            4
   e - Iskenderun's Mystic Blast      Conjuration                  4
   f - Iskenderun's Battlesphere      Conjuration/Charms           5
 l - a Fen Folio

   Spells                             Type                      Level
   a - Corpse Rot                     Necromancy                   2
   b - Stone Arrow                    Conjuration/Earth            3
   c - Leda's Liquefaction            Hexes/Earth                  4
   d - Summon Forest                  Summoning/Translocation      5
   e - Hydra Form                     Transmutation                6
   f - Summon Hydra                   Summoning                    7
Comestibles
 c - 9 bread rations
 q - 3 meat rations


   Skills:
 * Level 9.0(14.0) Fighting
 * Level 9.7(14.7) Axes
 + Level 2.0(7.0) Armour
 + Level 7.0(12.0) Dodging
 - Level 3.0(8.0) Stealth
 * Level 4.7 Spellcasting
 * Level 8.2 Conjurations
 - Level 6.0 Fire Magic
 * Level 7.0 Earth Magic
 - Level 4.1 Invocations


You had 12 spell levels left.
You knew the following spells:

 Your Spells              Type           Power        Failure   Level  Hunger
a - Flame Tongue          Conj/Fire      ####.        1%          1    None
b - Stone Arrow           Conj/Erth      ####..       4%          3    ###....
c - Sticky Flame          Conj/Fire      ####....     17%         4    ####...


Dungeon Overview and Level Annotations

Branches:
Dungeon (12/15)            Temple (1/1) D:7            Lair (0/8) D:11
    Orc (2/2) D:10
    Elf: Orc:2

Altars:
Ashenzari
Cheibriados
Dithmenos
Elyvilon
Fedhas
Gozag
Kikubaaqudgha
Makhleb
Nemelex Xobeh
Okawaru
Pakellas
Qazlal
Ru
Sif Muna
Trog
Vehumet
Xom
Yredelemnul
Zin
The Shining One

Shops:
D:5 (   D:10 =   Orc:1 =(*


Innate Abilities, Weirdness & Mutations

You cannot wear boots.
Your serpentine skin is tough (AC +4).
You have supernaturally acute eyesight.
Armour fits poorly on your strangely shaped body.
Your system is resistant to poisons.
You cover ground very slowly.
You have a slow metabolism.
You can spit poison.
You are frail (-10% HP).
You are covered in fur (AC +1).
You are weak. (Str -2)


Message History

You miss the vampire mosquito.
You hit the vampire mosquito but do no damage.
The vampire mosquito bites you!
* * * LOW HITPOINT WARNING * * *
The vampire mosquito barely misses you. The vampire mosquito bites you.
* * * LOW HITPOINT WARNING * * *
The vampire mosquito misses you. The vampire mosquito bites you.
* * * LOW HITPOINT WARNING * * *
The vampire mosquito barely misses you.
You feel more confident with your borrowed prowess.
You feel slightly more hungry.
You feel sick.
The vampire mosquito closely misses you.
The vampire mosquito bites you but does no damage.
The vampire mosquito bites you.
* * * LOW HITPOINT WARNING * * *
The vampire mosquito bites you but does no damage.
The vampire mosquito bites you!
* * * LOW HITPOINT WARNING * * *
The vampire mosquito bites you!
You die...

......#.##.###.##.#
..................#
........##.###.####
...#....##.###.#
...............####
####...##.###.†..#
..#...##.# ##...##
#.#.####.###♣....#.#
.##.#......##..y@†...#
................yy♣..#
###.#+#######.......##
.......# ##♣....##
####..†########...##
#...<...........
#..†############ #...#
#...#


You could see 3 vampire mosquitoes.

Vanquished Creatures
  An orc high priest (D:10)
  Nergalle (D:10)
  2 unseen horrors
  An anubis guard (D:10)
  A hill giant (D:11)
  Pikel (D:8)
  2 cyclopes (D:11)
  A manticore (D:11)
  An elephant (D:11)
  Joseph (D:10)
  A merfolk (D:10)
  Prince Ribbit (D:9)
  A troll (Orc:1)
  Grinder (D:3)
  2 two-headed ogres (Orc:1)
  A wyvern (D:6)
  19 yaks
  A hippogriff (D:8)
  2 wolves (D:9)
  A steam dragon (D:10)
  A hungry ghost (D:7)
  A vampire mosquito (D:12)
  A warg (Orc:1)
  A water moccasin (D:12)
  14 orc warriors
  4 ice beasts
  2 sky beasts
  3 black bears
  A slave (D:8)
  A wasp (D:12)
  2 eyes of draining (D:9)
  3 necrophages
  12 ogres
  8 centaurs
  3 crocodiles
  A gnoll sergeant (Orc:1)
  A big kobold (D:10)
  9 giant frogs
  A wyvern zombie (D:11)
  3 scorpions
  6 killer bees (D:12)
  3 wights (D:11)
  2 jellies
  A giant frog zombie (D:10)
  10 crimson imps
  A wasp zombie (D:5)
  4 centaur zombies
  3 centaur skeletons
  5 hounds
  14 orc wizards
  6 orc priests
  An iguana (D:8)
  8 worker ants
  Natasha (thrice) (D:3)
  A sheep (D:11)
  A killer bee zombie (D:5)
  A giant frog simulacrum (D:9)
  2 centaur simulacra (D:9)
  5 hound skeletons
  12 gnolls
  12 adders
  5 shadow imps
  6 white imps (D:9)
  2 ufetubi (D:9)
  2 adder skeletons (D:6)
  An adder simulacrum (D:9)
  4 giant geckos
  89 orcs
  5 bats
  2 giant cockroaches
  6 goblins
  10 hobgoblins
  8 jackals
  7 kobolds
  4 quokkas
  2 ball pythons (D:4)
  9 giant newts
  A jackal simulacrum (D:9)
  2 quokka skeletons
  9 rats
389 creatures vanquished.

Vanquished Creatures (others)
  A slave (D:8)
  An orc (D:8)
2 creatures vanquished.

Grand Total: 391 creatures vanquished

Notes
Turn   | Place    | Note
--------------------------------------------------------------
     0 | D:1      | Herrn the Naga Fire Elementalist began the quest for the Orb.
     0 | D:1      | Reached XP level 1. HP: 15/15 MP: 3/3
   314 | D:1      | Reached XP level 2. HP: 24/24 MP: 5/5
   585 | D:1      | Reached skill level 1 in Fighting
   759 | D:1      | Reached XP level 3. HP: 31/31 MP: 3/6
  1482 | D:2      | Reached XP level 4. HP: 39/39 MP: 7/7
  1603 | D:2      | Found a sacrificial altar of Ru.
  2055 | D:3      | Reached skill level 1 in Axes
  2055 | D:3      | Reached XP level 5. HP: 27/45 MP: 3/8
  2143 | D:3      | Reached skill level 4 in Fire Magic
  2359 | D:3      | Noticed Grinder
  2384 | D:3      | Killed Grinder
  2384 | D:3      | Reached XP level 6. HP: 27/55 MP: 1/9
  2870 | D:3      | Noticed Natasha
  2873 | D:3      | Killed Natasha
  3030 | D:3      | Noticed Natasha
  3035 | D:3      | Killed Natasha
  3075 | D:3      | Noticed Natasha
  3081 | D:3      | Killed Natasha
  3081 | D:3      | Reached XP level 7. HP: 60/62 MP: 5/10
  3655 | D:4      | Learned a level 3 spell: Stone Arrow
  3937 | D:5      | Entered Level 5 of the Dungeon
  4445 | D:5      | Reached XP level 8. HP: 68/70 MP: 4/11
  4518 | D:5      | Reached skill level 5 in Fire Magic
  6014 | D:6      | Noticed a wyvern
  6026 | D:6      | Killed a wyvern
  6026 | D:6      | Reached skill level 1 in Earth Magic
  6336 | D:6      | Learned a level 4 spell: Sticky Flame
  6634 | D:6      | Reached XP level 9. HP: 80/80 MP: 3/13
  6901 | D:6      | Found a blossoming altar of Fedhas.
  7255 | D:6      | Reached skill level 5 in Fighting
  7334 | D:5      | Found Kauzixiz's Antique Weapon Shoppe.
  7339 | D:5      | Bought an iridescent battleaxe for 230 gold pieces
  7339 | D:5      | Identified the +1 battleaxe "Busez" {flame, rC+} (You bought it in a shop on level 5 of the Dungeon)
  7628 | D:7      | Found a staircase to the Ecumenical Temple.
  7637 | Temple   | Entered the Ecumenical Temple
  7899 | D:7      | Reached skill level 5 in Axes
  7899 | D:7      | Reached skill level 5 in Dodging
  8221 | D:7      | Reached skill level 5 in Conjurations
  8995 | D:8      | Reached skill level 6 in Fire Magic
  9157 | D:8      | Reached XP level 10. HP: 70/90 MP: 6/14
  9252 | D:8      | Noticed Pikel
  9432 | D:8      | Killed Pikel
  9606 | D:8      | Found a snail-covered altar of Cheibriados.
  9613 | D:8      | Found an iron altar of Okawaru.
  9613 | D:8      | Found a sparkling altar of Nemelex Xobeh.
  9615 | D:8      | Found a deep blue altar of Sif Muna.
  9621 | D:8      | Became a worshipper of Warmaster Okawaru
 10040 | D:9      | Reached skill level 1 in Invocations
 10537 | D:9      | Noticed Prince Ribbit
 10558 | D:9      | Reached * piety under Okawaru
 10583 | D:9      | Killed Prince Ribbit
 11112 | D:9      | Reached skill level 7 in Axes
 11275 | D:9      | Reached ** piety under Okawaru
 11358 | D:10     | Entered Level 10 of the Dungeon
 11370 | D:10     | Found a bloodstained altar of Trog.
 11790 | D:10     | Found a staircase to the Orcish Mines.
 11819 | D:10     | Noticed Nergalle
 11836 | D:10     | Killed Nergalle
 11836 | D:10     | Reached skill level 5 in Earth Magic
 11836 | D:10     | Reached XP level 11. HP: 99/99 MP: 4/15
 11992 | D:10     | Gained mutation: You are weak. (Str -2) [potion of mutation]
 11992 | D:10     | Gained mutation: You are covered in fur (AC +1). [potion of mutation]
 11992 | D:10     | Gained mutation: You are frail (-10% HP). [potion of mutation]
 12438 | D:10     | Reached *** piety under Okawaru
 12443 | D:10     | Found Oskeila's Jewellery Shoppe.
 12456 | D:10     | Bought the amulet of the Four Winds {rN+ MR+++ Clar} for 299 gold pieces
 12636 | D:10     | Noticed Joseph
 12650 | D:10     | Killed Joseph
 12826 | D:10     | Reached skill level 8 in Axes
 13271 | D:10     | Noticed Snorg
 13271 | D:10     | Noticed Snorg
 13271 | D:10     | Snorg changed into Snorg the anubis guard
 13278 | D:10     | Killed Snorg the anubis guard
 13372 | D:10     | Noticed an unseen horror
 13544 | D:10     | Killed an unseen horror
 13544 | D:10     | Reached **** piety under Okawaru
 14486 | Orc:1    | Entered Level 1 of the Orcish Mines
 14486 | Orc:1    | Found Durouli's Weapon Shoppe.
 14996 | Orc:1    | Noticed an orc high priest
 15162 | Orc:1    | Noticed a sixfirhy
 15168 | D:10     | Killed an orc high priest
 16197 | Orc:1    | Found Ydeshri's Assorted Antiques.
 16208 | Orc:1    | Bought a scroll labeled KIPLEE SYNI for 24 gold pieces
 16208 | Orc:1    | Bought a scroll labeled ULYDIKUJO for 24 gold pieces
 16212 | Orc:1    | Found Uqon's Jewellery Emporium.
 16346 | Orc:2    | Entered Level 2 of the Orcish Mines
 16509 | Orc:1    | Bought a +0 broad axe for 52 gold pieces
 16604 | Orc:1    | Reached XP level 12. HP: 99/99 MP: 9/17
 17024 | Orc:2    | Reached skill level 9 in Axes
 17137 | Orc:2    | Reached skill level 1 in Armour
 18432 | D:11     | Found a staircase to the Lair.
 20201 | D:12     | HP: 2/102 [vampire mosquito (9)]
 20201 | D:12     | Mangled by a vampire mosquito

Vault maps used:
D:1:      evilmike_arrival_fibonacci_small
D:2:      first_bread, nicolae_ru_path_of_blood
D:3:      uniq_grinder, uniq_natasha
D:5:      kennysheep_six_static_rooms, serial_shops, shop
D:6:      fedhas_altar_fruit_tree
D:7:      minmay_temple_entry_trees
D:8:      minitemple, uniq_pikel
D:9:      serial_ice, serial_ice_e, serial_ice_g, serial_ice_b, serial_ice_i,
          serial_ice_d, serial_ice_c, serial_ice_h, serial_ice_n,
          uniq_prince_ribbit1
D:10:     hiddenorc1_lemuel, serial_shops, nicolae_shop_statue_plus,
          hangedman_fish_farm, minmay_holes, bloody_trog, uniq_nergalle,
          uniq_joseph, uniq_snorg
D:11:     david_lair_generic
D:12:     basic_altar, grunt_ministairs_1, kennysheep_treasure_room, uniq_sonja
Temple:   lightli_temple_of_artemis
Orc:1:    serial_shops, shop_fountains, nicolae_shop_overgrown_old_shop,
          nicolae_shop_behind_doors
Orc:2:    grunt_orc_tribal_feast

Action                   |  1- 3 |  4- 6 |  7- 9 | 10-12 || total
-------------------------+-------+-------+-------+-------++-------
Melee: Unarmed           |     3 |       |       |       ||     3
       Hand axe          |       |     3 |   150 |       ||   153
       Battleaxe         |       |       |    34 |   493 ||   527
 Cast: Flame Tongue      |    23 |    49 |   185 |   158 ||   415
       Stone Arrow       |       |       |    15 |     2 ||    17
       Sticky Flame      |       |       |     5 |    53 ||    58
Invok: Heroism           |       |       |       |    19 ||    19
 Abil: Spit Poison       |    37 |    38 |    78 |   100 ||   253
Evoke: Wand              |       |       |       |     5 ||     5
  Use: Potion            |       |     7 |       |     9 ||    16
       Scroll            |       |       |       |    22 ||    22
 Stab: Sleeping          |       |       |     1 |     3 ||     4
       Invisible         |       |       |       |     3 ||     3
  Eat: Chunk             |     3 |     8 |    22 |    34 ||    67
       Beef jerky        |       |       |     1 |     3 ||     4
       Fruit             |       |       |       |     3 ||     3
       Royal jelly       |       |       |       |     2 ||     2
       Meat ration       |       |       |       |     1 ||     1
